 Dungeon Crawl Stone Soup version 0.24.0-1-gfbc8707122 (webtiles) character file.

Game seed: 7347800810618925963, levelgen mode: deterministic

1036 Mrkan the Cleaver (level 8, -3/71 HPs)
             Began as a Minotaur Fighter on Oct 26, 2019.
             Was a Follower of Okawaru.
             Killed by divine providence
             ... invoked by an orc priest
              (15 damage)
             ... on level 6 of the Dungeon.
             The game lasted 00:09:46 (5263 turns).

Mrkan the Cleaver (Minotaur Fighter)                Turns: 5263, Time: 00:09:48

Health: -3/71      AC: 11    Str: 26    XL:     8   Next: 4%
Magic:  0/7        EV:  5    Int:  5    God:    Okawaru [*.....]
Gold:   439        SH: 11    Dex: 17    Spells: 7/7 levels left

rFire    . . .     SeeInvis .   a - +0 war axe
rCold    . . .     Gourm    .   c - +0 shield
rNeg     . . .     Faith    .   s - +0 plate armour
rPois    .         Spirit   +   (helmet restricted)
rElec    .         Reflect  .   m - scarf {Spirit}
rCorr    .         Harm     .   (no gloves)
MR       .....                  (no boots)
Stlth    ..........             (no amulet)
HPRegen  0.21/turn              b - +5 ring of dexterity
MPRegen  0.10/turn              (no ring)

@: mighty
A: retaliatory headbutt, horns 2
a: Heroism, Renounce Religion


You were on level 6 of the Dungeon.
You worshipped Okawaru.
Okawaru was aware of your devotion.
You were not hungry.

You visited 2 branches of the dungeon, and saw 7 of its levels.

You collected 439 gold pieces.

Inventory:

Hand Weapons
 a - a +0 war axe (weapon)
Armour
 c - a +0 shield (worn)
 m - a scarf of spirit shield (worn)
 s - a +0 plate armour (worn)
Jewellery
 b - a +5 ring of dexterity (left hand)
 k - an uncursed ring of wizardry {unknown}
 t - an uncursed amulet of the gourmand {unknown}
 y - an uncursed ring of protection from cold {unknown}
 z - a +3 ring of evasion {unknown}
Wands
 B - a wand of iceblast (10)
Scrolls
 e - 2 scrolls of fog {unknown}
 h - 5 scrolls of remove curse {unknown}
 l - 2 scrolls of fear {unknown}
 n - 2 scrolls of enchant armour {unknown}
 o - 2 scrolls of enchant weapon {unknown}
 p - 4 scrolls of identify {unknown}
 x - a scroll of amnesia {unknown}
 A - 2 scrolls of magic mapping {unknown}
Potions
 d - 3 potions of might
 g - a potion of mutation {unknown}
 i - 7 potions of heal wounds {unknown}
 j - a potion of magic {unknown}
 q - a potion of ambrosia {unknown}
 r - 4 potions of curing {unknown}
 u - a potion of flight {unknown}
 v - a potion of agility {unknown}
 w - 2 potions of haste {unknown}
Comestibles
 f - 17 rations


   Skills:
 + Level 6.6 Fighting
 * Level 8.3 Axes
 - Level 3.6 Armour
 + Level 6.6 Shields


You had 7 spell levels left.
You didn't know any spells.
Your spell library was empty.

Dungeon Overview and Level Annotations

Branches:
Dungeon (6/15)             Temple (1/1) D:5

Altars:
Ashenzari
Cheibriados
Dithmenos
Elyvilon
Fedhas
Gozag
Hepliaklqana
Kikubaaqudgha
Makhleb
Nemelex Xobeh
Okawaru
Qazlal
Ru
Sif Muna
Trog
Uskayaw
Vehumet
Xom
Yredelemnul
Zin
The Shining One

Shops:
D:4 (   D:5 [   D:6 (


Innate Abilities, Weirdness & Mutations

You reflexively headbutt those who attack you in melee.
You have a pair of horns on your head.


Message History

The orc priest looks encouraged for a moment.
You slice the bullfrog!!
You kill the bullfrog!
Okawaru accepts your kill.
You can now gain great but temporary skills.
You have reached level 8!
You feel agile.
The orc wizard gestures wildly while chanting.
The orc wizard blinks!
You slash the orc warrior!
The orc warrior is moderately wounded.
The orc warrior hits you but does no damage.
Your shield and plate armour prevent you from hitting the orc warrior.
You headbutt the orc warrior!
The orc warrior is almost dead.
The orc warrior hits you with a +0 flail!!
* * * LOW HITPOINT WARNING * * *
The orc priest invokes the aid of Beogh against you.
Beogh smites you!
You die...

####o##### ....ooo@.#
. .###.###.# [ .
#.##..# # .##
####.##.## . ..#
.....##.#### ###.#
#.......#
....#########.##(##.#
<.............##.##.#
..#.##......<.##....#


You could see an orc warrior, 2 orc priests and an orc wizard.

Vanquished Creatures
  An ice beast (D:6)
  2 bullfrogs (D:6)
  2 howler monkeys (D:4)
  2 crimson imps (D:5)
  A jelly (D:5)
  A centaur skeleton (D:4)
  An orc priest (D:3)
  A gnoll shaman (D:5)
  A hound (D:4)
  An iguana (D:5)
  An orc wizard (D:3)
  7 worker ants
  Terence (D:3)
  7 gnolls
  A howler monkey skeleton (D:5)
  7 adders
  2 oozes
  An adder skeleton (D:5)
  3 worms
  2 dart slugs
  6 leopard geckos
  18 orcs
  2 ball pythons (D:5)
  9 giant cockroaches
  4 goblins
  8 hobgoblins
  10 jackals
  A quokka (D:2)
  7 bats
  5 frilled lizards
  6 kobolds
  2 leopard gecko skeletons (D:4)
  3 quokka skeletons (D:5)
  3 rats
  6 plants (D:5)
135 creatures vanquished.

Notes
Turn   | Place    | Note
-------+----------+-------------------------------------------
     0 | D:1      | Mrkan the Minotaur Fighter began the quest for the Orb.
     0 | D:1      | Reached XP level 1. HP: 19/19 MP: 0/0
    56 | D:1      | Reached XP level 2. HP: 23/27 MP: 1/1
    60 | D:1      | Reached skill level 3 in Axes
  1084 | D:2      | Reached XP level 3. HP: 32/33 MP: 2/2
  1312 | D:2      | Reached skill level 4 in Axes
  1332 | D:2      | Reached XP level 4. HP: 30/40 MP: 3/3
  2312 | D:3      | Reached XP level 5. HP: 46/47 MP: 4/4
  2406 | D:3      | Reached skill level 5 in Axes
  2521 | D:3      | Noticed Terence
  2524 | D:3      | Killed Terence
  2532 | D:3      | Reached skill level 5 in Fighting
  2532 | D:3      | Reached skill level 5 in Shields
  3072 | D:4      | Reached XP level 6. HP: 54/56 MP: 5/5
  3265 | D:4      | Reached skill level 6 in Axes
  3371 | D:4      | Found Ruoh Qakko's Weapon Shoppe.
  3975 | D:4      | Reached XP level 7. HP: 60/62 MP: 4/6
  4203 | D:5      | Entered Level 5 of the Dungeon
  4318 | D:5      | Reached skill level 7 in Axes
  4383 | D:5      | Found a staircase to the Ecumenical Temple.
  4438 | Temple   | Entered the Ecumenical Temple
  4584 | Temple   | Became a worshipper of Warmaster Okawaru
  5021 | D:5      | Found Niwutog's Armour Boutique.
  5185 | D:6      | Found Geib Cadedi's Weapon Shoppe.
  5216 | D:6      | Reached skill level 8 in Axes
  5261 | D:6      | Reached * piety under Okawaru
  5261 | D:6      | Reached XP level 8. HP: 29/71 MP: 1/7
  5263 | D:6      | Killed from afar by an orc priest

Levels and vault maps discovered:
D:1:      psy_arrival_basics, layout_loops_corners
D:2:      layout_loops_corners
D:3:      layout_basic, uniq_terence
D:4:      minmay_thinvault, layout_basic, serial_shops, kennysheep_little_box,
          first_ration, grunt_decor_resistance, kennysheep_decorative_pillar,
          st_stairs_4
D:5:      layout_loops_ring, minmay_temple_entry_stoned_glass, serial_shops,
          shop, serial_bayou_lagoon_a, saegor_snake_ambush
D:6:      layout_loops_cross, serial_shops, shop
Temple:   minmay_crystal_snake_temple

Skill      XL: |  1  2  3  4  5  6  7 |
---------------+----------------------+-----
Axes           | 3 4 5 6 8 |  8.3
Shields        | 4 5 6 |  6.6
Fighting       | 4 5 6 |  6.6
Armour         | |  3.6

Action                   |  1- 3 |  4- 6 |  7- 9 || total
-------------------------+-------+-------+-------++-------
Melee: War axe           |    72 |   178 |   157 ||   407
       Headbutt          |    12 |    40 |    42 ||    94
  Use: Potion            |       |       |     1 ||     1
  Eat: Chunk             |     1 |     5 |     5 ||    11
       Ration            |       |     1 |       ||     1
Armor: Scale mail        |    10 |       |       ||    10
       Chain mail        |    15 |    60 |       ||    75
       Plate armour      |       |    29 |    60 ||    89
Dodge: Dodged            |    21 |    29 |    11 ||    61
Block: Shield            |    29 |    81 |    64 ||   174
